[Event "Queens Festival Final Team 2022"]
[Site "Tornelo"]
[Date "2022.06.26"]
[Round "9.4"]
[White "Marape, Naledi"]
[Black "Alboredo, Julia"]
[Result "0-1"]
[ECO "B76"]
[WhiteElo "1707"]
[BlackElo "2252"]
[Annotator "TA"]
[PlyCount "62"]
[EventDate "2022.06.24"]
[EventType "team-tourn"]
[EventCountry "NET"]
[SourceTitle "playchess.com"]
[Source "ChessBase"]
[SourceQuality "1"]
[WhiteTeam "Botswana"]
[BlackTeam "Brazil"]
[WhiteTeamCountry "BOT"]
[BlackTeamCountry "BRA"]
[TimeControl "180+2"]

1. e4 c5 2. Nf3 d6 3. d4 cxd4 4. Nxd4 Nf6 5. Nc3 g6 6. f3 Bg7 7. Be3 Nc6 8. Qd2 O-O 9. O-O-O d5 10. exd5 Nxd5 11. Nxc6 bxc6 12. Bd4 e5 13. Bc5 Be6 {[%emt 0:00:01] 13...Re8 is the fancy move.} 14. Bxf8 {[%emt 0:00:04] B76: Sicilian Dragon: Yugoslav Attack, 9 g4 and 9 0-0-0.} (14. Ne4 $14) 14... Qxf8 $15 15. Bc4 $2 (15. Nxd5 $15 cxd5 16. Qa5) 15... Bh6 $19 {[%emt 0:00:03] [#] And now ...Nxc3 would win.} 16. f4 {[%emt 0:00:19] Black is clearly winning.} Bxf4 17. Nxd5 {[%emt 0:00:06] [#]} Bxd2+ $146 ({Predecessor:} 17... cxd5 18. Qxf4 exf4 19. Bb3 d4 20. Rxd4 Bxb3 21. axb3 Qc5 22. Rhd1 Rc8 23. c3 g5 {0-1 (32) Zong,D (2141)-Shtyka,S (2154) Chess.com INT 2022}) 18. Rxd2 cxd5 19. Bxd5 Bxd5 20. Rxd5 Qb4 21. Rhd1 Re8 22. Rd8 Rxd8 23. Rxd8+ {[%emt 0:00:03][%mdl 4096] Endgame KQ-KR} Kg7 24. c3 Qf4+ 25. Kc2 Qxh2 26. Rd2 e4 27. Re2 Qf4 28. c4 f5 {[%emt 0:00:04] [#] Threatens to win with ...Qf1.} 29. c5 a5 30. a3 Qe5 31. Kc1 Qxc5+ {[%emt 0:00:03] White got outplayed after the opening.  Weighted Error Value: White=1.91/Black=0.09 (flawless)} 0-1

[Event "Queens Festival Final Team 2022"]
[Site "Tornelo"]
[Date "2022.06.26"]
[Round "9.4"]
[White "Gomes, Maria Eduarda Papini"]
[Black "Banda Natalie Katlo"]
[Result "1-0"]
[ECO "D13"]
[WhiteElo "1618"]
[BlackElo "1629"]
[Annotator "NA RC"]
[PlyCount "61"]
[EventDate "2022.06.24"]
[EventType "team-tourn"]
[EventCountry "NET"]
[SourceTitle "playchess.com"]
[Source "ChessBase"]
[SourceQuality "1"]
[WhiteTeam "Brazil"]
[BlackTeam "Botswana"]
[WhiteTeamCountry "BRA"]
[BlackTeamCountry "BOT"]
[TimeControl "180+2"]

1. d4 d5 2. c4 c6 3. Nc3 Nf6 4. cxd5 cxd5 5. Nf3 e6 6. Bg5 h6 7. Bh4 Be7 8. e3 Bd7 9. Bd3 a6 10. Qc2 Nc6 11. a3 Rc8 12. O-O g5 13. Bg3 Nh5 14. Qe2 Nxg3 15. hxg3 f5 16. Na4 b5 17. Nc5 Bxc5 18. dxc5 Qe7 19. b4 e5 20. Bc2 e4 21. Nd4 Nxd4 22. exd4 h5 23. f3 h4 24. fxe4 fxe4 25. gxh4 Rxh4 26. g3 Bg4 27. Qf2 Rh6 28. Bd1 Qh7 29. Qf8+ Kd7 30. Bxg4+ Kc7 31. Qxc8# 1-0

[Event "Queens Festival Final Team 2022"]
[Site "Tornelo"]
[Date "2022.06.26"]
[Round "9.5"]
[White "Shriyan santosh Priyasha"]
[Black "Krush, Irina"]
[Result "0-1"]
[ECO "A43"]
[WhiteElo "1597"]
[BlackElo "2430"]
[Annotator "TA"]
[PlyCount "116"]
[EventDate "2022.06.24"]
[EventType "team-tourn"]
[EventCountry "NET"]
[SourceTitle "playchess.com"]
[Source "ChessBase"]
[SourceQuality "1"]
[WhiteTeam "MAW"]
[BlackTeam "United States"]
[BlackTeamCountry "USA"]
[TimeControl "180+2"]

1. Nf3 c5 2. d4 cxd4 3. Nxd4 d5 4. Nf3 Nc6 5. c4 Nf6 ({Resist} 5... dxc4 6. Qxd8+ Kxd8 7. e4 $14) 6. g3 {[%emt 0:00:02] A43: Schmid Benoni.} (6. cxd5 $11 Qxd5 7. Qxd5 Nxd5 8. a3) 6... d4 7. Bg2 e5 8. O-O {[%emt 0:00:07] Black has an edge.} Bc5 {[%emt 0:00:05] [#]} 9. Nfd2 $146 (9. b4 $1 $11 {keeps the balance.} Bxb4 10. Nxe5 Nxe5 11. Qa4+ Nc6 12. Bxc6+ bxc6 13. Qxb4) ({Predecessor:} 9. Nbd2 O-O 10. Ng5 Bf5 11. Nge4 Nxe4 12. Nxe4 Be7 13. b3 Rc8 14. Bb2 Bg6 15. a3 f5 16. Nd2 {0-1 (40) Pourramezanali,A (2480)-Kulkarni,R (2360) Chess.com INT 2019}) 9... O-O 10. a3 a5 $36 {[%emt 0:00:02][%mdl 2048] Keeping White busy. Black is more active.} 11. Ne4 Nxe4 12. Bxe4 Be6 13. Qc2 (13. Qb3 $17 Qe7 14. Nd2) 13... f5 $19 14. Bg2 e4 15. Rd1 $2 (15. Nd2) 15... Qe7 16. h4 $2 (16. Nd2) 16... d3 17. exd3 Nd4 18. Qd2 Nb3 (18... f4 $142 {[%cal Oe4e3] Threatens to win with ...e3!} 19. Nc3 fxg3) 19. Qc3 Nxa1 20. d4 Ba7 21. Bg5 (21. b3 $142) 21... Qc7 (21... Qd7 $142 22. d5 f4 23. Bxf4 Bh3) 22. d5 (22. Nd2 $142) 22... Bf7 23. Nd2 a4 {[%emt 0:00:06][%cal Oa1b3] [#] And now ...Nb3! would win.} 24. Rxa1 b5 25. Bf4 Qd7 26. cxb5 $2 {[%emt 0:00:17] White does not recover from this.} (26. Rd1 $17) 26... Qxd5 {[%emt 0:00:02] ...Rfc8 is the strong threat.} ({Wrong is} 26... Bxd5 $2 27. Qb4 $19) 27. Nf1 Qxb5 28. Ne3 Rac8 29. Qd2 Rfd8 30. Qe1 (30. Qb4 $142 Qxb4 31. axb4) 30... Bd4 31. Rb1 h6 {[%emt 0:00:05] Against Bg5} 32. Nf1 $2 (32. Bf1 {might work better.} Qc5 33. Bh3) 32... Be5 33. Be3 (33. Bxe5 {was worth a try.} Qxe5 34. Ne3) 33... Bc4 34. Nd2 (34. Bh3 $142 Be6 35. Ba7) 34... Bd3 35. Rc1 Bxb2 36. Rxc8 Rxc8 37. Nf1 Bxa3 38. Qa1 Bb2 39. Qa2+ Qb3 40. Qxb3+ axb3 41. Nd2 Bc2 42. Bf1 Bc1 {[%emt 0:00:03] aiming for ...Bxd2.} 43. Bc4+ {[%emt 0:00:01] [#]} Rxc4 $1 44. Nxc4 Bxe3 45. fxe3 {[%emt 0:00:03][%mdl 4096] Endgame KB-KN} Kf7 {[%emt 0:00:04] Hoping for ...Ke6.} 46. Kf2 Ke6 {[%emt 0:00:05] ( -> ...Kd5)} 47. Ke1 Kd5 48. Nb2 Kc5 49. Kd2 Kb4 {[%emt 0:00:01] Black mates.} 50. h5 Bd3 51. Kc1 Bb5 52. Kd2 Be8 53. Kc1 Bxh5 54. Kd2 Bf7 55. Kc1 g5 56. Kd2 h5 57. Kc1 Kc3 58. Kb1 Kd2 {[%emt 0:00:03] Weighted Error Value: White=1.24/Black=0.47} 0-1

[Event "Queens Festival Final Team 2022"]
[Site "Tornelo"]
[Date "2022.06.26"]
[Round "9.5"]
[White "Nkhoma, Desiderata"]
[Black "Yellamraju, Aparna"]
[Result "0-1"]
[ECO "C01"]
[WhiteElo "1465"]
[BlackElo "1720"]
[Annotator "NA RC"]
[PlyCount "74"]
[EventDate "2022.06.24"]
[EventType "team-tourn"]
[EventCountry "NET"]
[SourceTitle "playchess.com"]
[Source "ChessBase"]
[SourceQuality "1"]
[WhiteTeam "MAW"]
[BlackTeam "United States"]
[BlackTeamCountry "USA"]
[TimeControl "180+2"]

1. e4 e6 2. Nf3 d5 3. exd5 exd5 4. d4 Bd6 5. Bd3 Ne7 6. O-O O-O 7. c3 Bf5 8. Bg5 f6 9. Bh4 c6 10. Be2 Qc7 11. Nbd2 Nd7 12. h3 Ng6 13. Bg3 Bxg3 14. fxg3 Qxg3 15. Rf2 Nf4 16. Nf1 Nxh3+ 17. Kh1 Nxf2+ 18. Kg1 Qxf3 19. Bxf3 Nxd1 20. Rxd1 Be4 21. Bg4 f5 22. Bf3 Bxf3 23. gxf3 Nf6 24. Kf2 Rfe8 25. Ng3 f4 26. Nh5 Nxh5 27. Rh1 Ng3 28. Rh4 Re2+ 29. Kg1 g5 30. Rg4 h6 31. Rxg3 fxg3 32. a4 Rxb2 33. a5 Re8 34. Kf1 g2+ 35. Kg1 Re1+ 36. Kh2 g1=Q+ 37. Kh3 Rh2# 0-1

[Event "Queens Festival Final Team 2022"]
[Site "Tornelo"]
[Date "2022.06.26"]
[Round "9.6"]
[White "Ismayil, Malak"]
[Black "Maksimovic, Suzana"]
[Result "1-0"]
[ECO "B31"]
[WhiteElo "2001"]
[BlackElo "2145"]
[Annotator "NA RC"]
[PlyCount "57"]
[EventDate "2022.06.24"]
[EventType "team-tourn"]
[EventCountry "NET"]
[SourceTitle "playchess.com"]
[Source "ChessBase"]
[SourceQuality "1"]
[WhiteTeam "Azerbaijan"]
[BlackTeam "Serbia"]
[WhiteTeamCountry "AZE"]
[BlackTeamCountry "SRB"]
[TimeControl "180+2"]

1. e4 c5 2. Nf3 Nc6 3. Bb5 g6 4. O-O Bg7 5. c3 e5 6. Bxc6 dxc6 7. Qe2 Qe7 8. d3 Nf6 9. Nbd2 O-O 10. Nb3 h6 11. h3 b6 12. Nbd2 a5 13. Nc4 Nd7 14. Rd1 a4 15. Ne3 f5 16. Nf1 Ba6 17. Qe3 Rad8 18. b3 fxe4 19. dxe4 Nf6 20. Ba3 Nh5 21. b4 cxb4 22. cxb4 Bb5 23. Qxb6 Nf4 24. Qe3 Kh7 25. Ng3 Qf6 26. Kh2 Rxd1 27. Rxd1 g5 28. Bb2 Qg6 29. Bxe5 1-0

[Event "Queens Festival Final Team 2022"]
[Site "Tornelo"]
[Date "2022.06.26"]
[Round "9.6"]
[White "Vujcic, Milena"]
[Black "Mammadova, Aysel"]
[Result "1-0"]
[ECO "C65"]
[WhiteElo "1987"]
[BlackElo "1893"]
[Annotator "NA RC"]
[PlyCount "103"]
[EventDate "2022.06.24"]
[EventType "team-tourn"]
[EventCountry "NET"]
[SourceTitle "playchess.com"]
[Source "ChessBase"]
[SourceQuality "1"]
[WhiteTeam "Serbia"]
[BlackTeam "Azerbaijan"]
[WhiteTeamCountry "SRB"]
[BlackTeamCountry "AZE"]
[TimeControl "180+2"]

1. e4 e5 2. Nf3 Nc6 3. Bb5 Nf6 4. O-O Bc5 5. c3 O-O 6. d4 exd4 7. cxd4 Be7 8. e5 Nd5 9. Nc3 Nxc3 10. bxc3 d5 11. c4 Bg4 12. Bxc6 bxc6 13. Be3 dxc4 14. h3 Bxf3 15. Qxf3 Qd5 16. Qe2 c5 17. Rfd1 Rfd8 18. f4 cxd4 19. Rxd4 Qe6 20. Qxc4 Rxd4 21. Qxe6 fxe6 22. Bxd4 c5 23. Be3 a6 24. Rc1 Rc8 25. Kf2 Kf7 26. Ke2 Ke8 27. Kd3 Kd7 28. Kc4 Kc6 29. Rb1 Rd8 30. a4 g6 31. g4 h5 32. a5 hxg4 33. hxg4 Rh8 34. Rb6+ Kc7 35. Rxe6 Bd8 36. Rxg6 Rh3 37. Bxc5 Rh1 38. Bb6+ Kd7 39. Rd6+ Kc8 40. Rxd8+ Kb7 41. Rd7+ Kc8 42. Rc7+ Kb8 43. Kd5 Rd1+ 44. Ke6 Rf1 45. f5 Ka8 46. f6 Rd1 47. g5 Rg1 48. f7 Rf1 49. g6 Kb8 50. g7 Rxf7 51. Kxf7 Ka8 52. g8=R# 1-0

[Event "Queens Festival Final Team 2022"]
[Site "Tornelo"]
[Date "2022.06.26"]
[Round "9.6"]
[White "Khalilova, Khadija"]
[Black "Vukosavljevic, Tatjana"]
[Result "1-0"]
[ECO "C47"]
[WhiteElo "1777"]
[BlackElo "1758"]
[Annotator "NA RC"]
[PlyCount "39"]
[EventDate "2022.06.24"]
[EventType "team-tourn"]
[EventCountry "NET"]
[SourceTitle "playchess.com"]
[Source "ChessBase"]
[SourceQuality "1"]
[WhiteTeam "Azerbaijan"]
[BlackTeam "Serbia"]
[WhiteTeamCountry "AZE"]
[BlackTeamCountry "SRB"]
[TimeControl "180+2"]

1. e4 e5 2. Nf3 Nf6 3. Nc3 Nc6 4. d4 exd4 5. Nxd4 Bb4 6. Nxc6 bxc6 7. Bd3 O-O 8. O-O Re8 9. Qf3 h6 10. h3 d5 11. exd5 cxd5 12. Bf4 c6 13. Rad1 Qa5 14. Bxh6 Bxc3 15. bxc3 Ne4 16. Bxe4 Rxe4 17. Qg3 g6 18. Qd6 Re6 19. Qf8+ Kh7 20. Qg7# 1-0

[Event "Queens Festival Final Team 2022"]
[Site "Tornelo"]
[Date "2022.06.26"]
[Round "9.6"]
[White "Vujovic, Vera"]
[Black "Bakhshizada, Asnad"]
[Result "0-1"]
[ECO "C10"]
[WhiteElo "1353"]
[BlackElo "1052"]
[Annotator "NA RC"]
[PlyCount "110"]
[EventDate "2022.06.24"]
[EventType "team-tourn"]
[EventCountry "NET"]
[SourceTitle "playchess.com"]
[Source "ChessBase"]
[SourceQuality "1"]
[WhiteTeam "Serbia"]
[BlackTeam "Azerbaijan"]
[WhiteTeamCountry "SRB"]
[BlackTeamCountry "AZE"]
[TimeControl "180+2"]

1. e4 e6 2. d4 d5 3. Nc3 f6 4. Nf3 Ne7 5. Bf4 Nbc6 6. exd5 Nxd5 7. Nxd5 exd5 8. Bg3 Be7 9. Bb5 Bd7 10. O-O O-O 11. Ba4 a6 12. Bb3 Be6 13. Re1 Bf7 14. Nh4 Qd7 15. Qf3 Nxd4 16. Qc3 Nc6 17. a3 Rae8 18. Rad1 Kh8 19. Qd3 Rd8 20. Nf5 Bc5 21. Ne3 d4 22. Nc4 Bg6 23. Qd2 b5 24. Ne5 fxe5 25. Bxe5 Nxe5 26. Rxe5 Bb6 27. Rd5 Qe7 28. Rg5 Qf6 29. Rf1 Ba5 30. Qc1 Bb6 31. Rg3 c5 32. Rf3 Qe7 33. Re1 Qc7 34. Rh3 c4 35. Ba2 d3 36. cxd3 Bxf2+ 37. Kh1 Bxe1 38. Qxe1 Qf4 39. Rf3 Qd6 40. Re3 Rde8 41. h3 Rxe3 42. Qxe3 Qf6 43. Kh2 Qd6+ 44. g3 Re8 45. Qf2 h6 46. dxc4 bxc4 47. Bxc4 Qe7 48. Kg2 Qe3 49. Qf1 Qd2+ 50. Kg1 Qd4+ 51. Kh2 Qd2+ 52. Kg1 Qe3+ 53. Kh2 Rc8 54. Bb3 Qxb3 55. Qg2 Rc2 0-1

[Event "Queens Festival Final Team 2022"]
[Site "Tornelo"]
[Date "2022.06.26"]
[Round "10.1"]
[White "Vujcic, Milena"]
[Black "Grigoryan, Meri"]
[Result "1-0"]
[ECO "C63"]
[WhiteElo "1987"]
[BlackElo "1993"]
[Annotator "NA RC"]
[PlyCount "63"]
[EventDate "2022.06.24"]
[EventType "team-tourn"]
[EventCountry "NET"]
[SourceTitle "playchess.com"]
[Source "ChessBase"]
[SourceQuality "1"]
[WhiteTeam "Serbia"]
[BlackTeam "England"]
[WhiteTeamCountry "SRB"]
[BlackTeamCountry "ENG"]
[TimeControl "180+2"]

1. e4 e5 2. Nf3 Nc6 3. Bb5 f5 4. Nc3 fxe4 5. Nxe4 Nf6 6. Qe2 Qe7 7. O-O d5 8. Nxf6+ gxf6 9. Re1 Bd7 10. d3 O-O-O 11. Bd2 h5 12. c4 d4 13. Bxc6 Bxc6 14. b4 b6 15. a4 Bh6 16. a5 Bxd2 17. Nxd2 Rhg8 18. f3 h4 19. axb6 cxb6 20. Ne4 h3 21. g3 f5 22. Nd2 Rde8 23. c5 b5 24. Ra2 Bd5 25. Ra3 Bb7 26. Rea1 a6 27. Nb3 Rd8 28. c6 Bxc6 29. Rxa6 Bb7 30. Ra7 e4 31. Nc5 Bc6 32. Rxe7 1-0

[Event "Queens Festival Final Team 2022"]
[Site "Tornelo"]
[Date "2022.06.26"]
[Round "10.1"]
[White "Subramanian, Anusha"]
[Black "Maksimovic, Suzana"]
[Result "0-1"]
[ECO "B33"]
[WhiteElo "1671"]
[BlackElo "2145"]
[Annotator "NA RC"]
[PlyCount "68"]
[EventDate "2022.06.24"]
[EventType "team-tourn"]
[EventCountry "NET"]
[SourceTitle "playchess.com"]
[Source "ChessBase"]
[SourceQuality "1"]
[WhiteTeam "England"]
[BlackTeam "Serbia"]
[WhiteTeamCountry "ENG"]
[BlackTeamCountry "SRB"]
[TimeControl "180+2"]

1. e4 c5 2. Nf3 Nc6 3. d4 cxd4 4. Nxd4 Nf6 5. Nc3 e5 6. Ndb5 d6 7. a4 a6 8. Na3 Bg4 9. f3 Be6 10. Be3 Rc8 11. Qd2 Nb4 12. Be2 Be7 13. g4 d5 14. exd5 Nfxd5 15. Nxd5 Nxd5 16. h4 Bxh4+ 17. Bf2 Bxf2+ 18. Kxf2 Qb6+ 19. Kg3 Nf4 20. c3 O-O 21. Bd3 h6 22. g5 Rfd8 23. gxh6 Rxd3 24. Qh2 Bh3 25. hxg7 Qg6+ 26. Kf2 Rd2+ 27. Ke3 Rxh2 28. Rxh2 Qd3+ 29. Kf2 Kxg7 30. Rg1+ Kf6 31. Nb1 Qc2+ 32. Kg3 Rg8+ 33. Kh4 Qxh2 34. Rxg8 Bf5# 0-1

[Event "Queens Festival Final Team 2022"]
[Site "Tornelo"]
[Date "2022.06.26"]
[Round "10.1"]
[White "Posadas, Rayelynn"]
[Black "Vukosavljevic, Tatjana"]
[Result "1-0"]
[ECO "D77"]
[WhiteElo "1648"]
[BlackElo "1758"]
[Annotator "NA RC"]
[PlyCount "47"]
[EventDate "2022.06.24"]
[EventType "team-tourn"]
[EventCountry "NET"]
[SourceTitle "playchess.com"]
[Source "ChessBase"]
[SourceQuality "1"]
[WhiteTeam "England"]
[BlackTeam "Serbia"]
[WhiteTeamCountry "ENG"]
[BlackTeamCountry "SRB"]
[TimeControl "180+2"]

1. Nf3 Nf6 2. g3 g6 3. Bg2 Bg7 4. O-O O-O 5. d4 d5 6. c4 c5 7. Nc3 e6 8. cxd5 Nxd5 9. Nxd5 Qxd5 10. dxc5 Qxc5 11. Be3 Qe7 12. Qb3 Nc6 13. Rac1 Bd7 14. Bc5 Qf6 15. Bxf8 Rxf8 16. Rfd1 Ne5 17. Nxe5 Qxe5 18. Rxd7 Qxe2 19. Qxb7 Bd4 20. Rxd4 Qe5 21. Rd7 Qg5 22. Rcc7 Qe5 23. Rxf7 Qe1+ 24. Bf1 1-0

[Event "Queens Festival Final Team 2022"]
[Site "Tornelo"]
[Date "2022.06.26"]
[Round "10.1"]
[White "Vujovic, Vera"]
[Black "Catabay, Mae Katelyn Rose"]
[Result "0-1"]
[ECO "C10"]
[WhiteElo "1353"]
[BlackElo "1321"]
[Annotator "NA RC"]
[PlyCount "142"]
[EventDate "2022.06.24"]
[EventType "team-tourn"]
[EventCountry "NET"]
[SourceTitle "playchess.com"]
[Source "ChessBase"]
[SourceQuality "1"]
[WhiteTeam "Serbia"]
[BlackTeam "England"]
[WhiteTeamCountry "SRB"]
[BlackTeamCountry "ENG"]
[TimeControl "180+2"]

1. e4 e6 2. d4 d5 3. Nc3 dxe4 4. Nxe4 Nf6 5. Nxf6+ Qxf6 6. Nf3 Qd8 7. c3 Nc6 8. Bb5 Bd7 9. O-O Be7 10. Bf4 O-O 11. Qc2 a6 12. Ba4 b5 13. Bb3 Na5 14. Ne5 Nxb3 15. Qxb3 Kh8 16. Rfe1 Bd6 17. Bg3 a5 18. Qc2 f6 19. Nf3 Re8 20. Re2 Bc6 21. Qd3 Rb8 22. Rae1 Qd7 23. Nd2 Bxg3 24. Qxg3 Rbd8 25. Ne4 Qf7 26. Nc5 Bd5 27. b3 h6 28. Qh3 e5 29. Qe3 exd4 30. Qxd4 Rxe2 31. Rxe2 Qg6 32. f3 c6 33. Ne6 Re8 34. Nf4 Qb1+ 35. Kf2 Rxe2+ 36. Nxe2 Qf5 37. c4 bxc4 38. bxc4 Be6 39. Qd8+ Kh7 40. Qb6 Bxc4 41. Qxc6 Qc2 42. Qe4+ Qxe4 43. fxe4 Bxa2 44. Nc3 Bb3 45. Ke3 a4 46. Nb5 Bc4 47. Na3 Bf1 48. g3 Kg6 49. Kd4 Kg5 50. Kd5 Kg4 51. Ke6 Kh3 52. Kf7 Kxh2 53. Kxg7 Kxg3 54. Kxh6 Kf4 55. Kg6 Ke5 56. Nc2 Bd3 57. Na3 Bxe4+ 58. Kh5 f5 59. Kg5 f4 60. Kg4 f3 61. Kg3 Kd4 62. Kf2 Kc3 63. Nb5+ Kb4 64. Nd4 a3 65. Nxf3 Bxf3 66. Kxf3 a2 67. Ke3 a1=Q 68. Kd2 Qc3+ 69. Kd1 Qb2 70. Ke1 Kc3 71. Kd1 Qd2# 0-1

[Event "Queens Festival Final Team 2022"]
[Site "Tornelo"]
[Date "2022.06.26"]
[Round "10.2"]
[White "Krush, Irina"]
[Black "Ismayil, Malak"]
[Result "1-0"]
[ECO "E32"]
[WhiteElo "2430"]
[BlackElo "2001"]
[Annotator "TA"]
[PlyCount "111"]
[EventDate "2022.06.24"]
[EventType "team-tourn"]
[EventCountry "NET"]
[SourceTitle "playchess.com"]
[Source "ChessBase"]
[SourceQuality "1"]
[WhiteTeam "United States"]
[BlackTeam "Azerbaijan"]
[WhiteTeamCountry "USA"]
[BlackTeamCountry "AZE"]
[TimeControl "180+2"]

1. d4 Nf6 2. c4 e6 3. Nc3 Bb4 4. Qc2 O-O 5. a3 Bxc3+ 6. Qxc3 b6 {[%emt 0:00:02] 6...d5 is the modern continuation.} 7. Bg5 Bb7 8. e3 d6 {[%emt 0:00:02] E32: Nimzo-Indian: Classical (4 Qc2): 4...0-0.} 9. Ne2 Nbd7 10. Qc2 Qe8 {[%emt 0:00:03] The position is equal.} 11. Nc3 {[%emt 0:00:04] Inhibits Ne4.} h6 12. Bh4 e5 {[%emt 0:00:04] [#]} 13. d5 $146 ({Predecessor:} 13. O-O-O exd4 14. exd4 Kh8 15. f3 Qe7 16. Re1 Qd8 17. Be2 Re8 18. Rhg1 Nf8 19. g4 {1-0 (27) Sasata,R (2286)-Timmerman,B (1524) Calgary 2016}) 13... a5 14. Rd1 Nh7 15. e4 {[%emt 0:00:10] White is more active.} g6 16. Be2 f5 17. f3 Qf7 18. O-O ({White should try} 18. exf5 $16 gxf5 19. O-O) 18... g5 $14 19. Bf2 f4 20. b4 Nhf6 21. Nb5 {[%emt 0:00:07] Strongly threatening c5.} Rac8 $2 {[%emt 0:00:25] [#] A mistake that costs the game.} (21... Rfc8 $16 {keeps fighting.}) 22. c5 $1 $18 bxc5 23. bxc5 {[%emt 0:00:01] c6 is the strong threat.} Ba6 24. c6 {[%emt 0:00:13] Threatens to win with Nxd6.} Nb8 (24... Bxb5 $142 25. Bxb5 Rb8) 25. Rb1 h5 26. a4 g4 27. Bh4 Qg6 28. Rb3 Nxd5 $2 (28... Rf7 29. Qc3 gxf3 30. Bxf3 (30. Qxf3 Ng4 $18) 30... Ng4) 29. Bc4 {[%emt 0:00:12][%mdl 64] [#] Pin} Kh7 30. Bxd5 Qg7 31. Rfb1 Kh8 32. Qd2 Rce8 33. Qxa5 Bxb5 34. axb5 Rg8 35. Bxg8 Rxg8 36. Qd2 d5 37. exd5 e4 38. fxe4 f3 39. Qb2 Kh7 40. Qxg7+ Rxg7 41. Ra1 fxg2 42. Kxg2 {[%emt 0:00:02] White mates.} Rf7 43. Ra8 Rf4 44. Rxb8 Rxe4 45. Rc8 Rd4 46. Rxc7+ Kg6 47. Rd7 Rd2+ 48. Bf2 h4 49. b6 h3+ 50. Kg3 Kf5 51. b7 Kg5 52. b8=Q Rxd5 53. Rxd5+ Kf6 54. Qe5+ Kf7 55. Rd7+ Kf8 56. Rb8# {[%emt 0:00:02] Weighted Error Value: White=0.09 (flawless) /Black=0.55} 1-0

[Event "Queens Festival Final Team 2022"]
[Site "Tornelo"]
[Date "2022.06.26"]
[Round "10.2"]
[White "Mammadova, Aysel"]
[Black "Bian, Erin"]
[Result "0-1"]
[ECO "C50"]
[WhiteElo "1893"]
[BlackElo "1811"]
[Annotator "NA RC"]
[PlyCount "174"]
[EventDate "2022.06.24"]
[EventType "team-tourn"]
[EventCountry "NET"]
[SourceTitle "playchess.com"]
[Source "ChessBase"]
[SourceQuality "1"]
[WhiteTeam "Azerbaijan"]
[BlackTeam "United States"]
[WhiteTeamCountry "AZE"]
[BlackTeamCountry "USA"]
[TimeControl "180+2"]

1. e4 e5 2. Nf3 Nc6 3. Bc4 Bc5 4. O-O Nf6 5. d4 Bxd4 6. Nxd4 Nxd4 7. Bg5 d6 8. f4 Qe7 9. Nc3 Be6 10. Nd5 Bxd5 11. exd5 b5 12. fxe5 dxe5 13. Bd3 Qc5 14. Kh1 Nxd5 15. c3 Ne6 16. Bh4 Nef4 17. b4 Qb6 18. Be4 c6 19. g3 Nxc3 20. Qf3 Nxe4 21. Qxe4 Ng6 22. Rac1 Rc8 23. Qf5 O-O 24. Bg5 h6 25. Bd2 Qd4 26. Bc3 Qd5+ 27. Kg1 Qxa2 28. Bxe5 Nxe5 29. Qxe5 Rfe8 30. Qf5 Rc7 31. Rf2 Qb3 32. Qg4 Qe3 33. Rcf1 Rce7 34. Qh5 Qe6 35. Qf3 Qd6 36. Qc3 Re3 37. Qc2 R8e7 38. Qf5 Qe6 39. Qf4 Qe5 40. Qxe5 R3xe5 41. Ra2 Re4 42. Rfa1 Rxb4 43. Rc1 Rc7 44. Ra6 Rc4 45. Rxc4 bxc4 46. Kf2 c3 47. Ke3 c5 48. Kd3 c4+ 49. Kxc3 g6 50. h4 Kg7 51. g4 g5 52. h5 f6 53. Ra5 Kf7 54. Ra6 Ke7 55. Ra5 Ke6 56. Rb5 a6 57. Rb6+ Ke5 58. Rxa6 Rc8 59. Rb6 f5 60. gxf5 Kxf5 61. Rxh6 g4 62. Rg6 Kf4 63. h6 g3 64. h7 Rh8 65. Rg7 Kf3 66. Kxc4 g2 67. Kd3 Kf2 68. Rf7+ Kg1 69. Ke2 Kh1 70. Rg7 g1=Q 71. Rxg1+ Kxg1 72. Kf3 Rxh7 73. Kg4 Rf7 74. Kg5 Kf2 75. Kg6 Rf3 76. Kg5 Ke3 77. Kg4 Ke4 78. Kg5 Rf4 79. Kg6 Rf5 80. Kh6 Ke5 81. Kg6 Ke6 82. Kh6 Kf6 83. Kh7 Rg5 84. Kh8 Rg1 85. Kh7 Rg2 86. Kh8 Kf7 87. Kh7 Rh2# 0-1

[Event "Queens Festival Final Team 2022"]
[Site "Tornelo"]
[Date "2022.06.26"]
[Round "10.2"]
[White "Yellamraju, Aparna"]
[Black "Khalilova, Khadija"]
[Result "0-1"]
[ECO "D78"]
[WhiteElo "1720"]
[BlackElo "1777"]
[Annotator "NA RC"]
[PlyCount "130"]
[EventDate "2022.06.24"]
[EventType "team-tourn"]
[EventCountry "NET"]
[SourceTitle "playchess.com"]
[Source "ChessBase"]
[SourceQuality "1"]
[WhiteTeam "United States"]
[BlackTeam "Azerbaijan"]
[WhiteTeamCountry "USA"]
[BlackTeamCountry "AZE"]
[TimeControl "180+2"]

1. d4 d5 2. c4 e6 3. Nf3 Nf6 4. g3 g6 5. Bg2 Bg7 6. O-O O-O 7. Qc2 Nbd7 8. Nbd2 c6 9. b3 Re8 10. Bb2 b6 11. e4 dxe4 12. Nxe4 Nxe4 13. Qxe4 Bb7 14. Rad1 Qc8 15. Ng5 Rb8 16. Qf4 Rf8 17. h4 c5 18. Bxb7 Rxb7 19. Ne4 Rb8 20. Ba1 cxd4 21. Nd6 Qc6 22. Nb5 e5 23. Qg4 a6 24. Na3 Nf6 25. Qh3 Rfe8 26. Nc2 Rbd8 27. Nb4 Qb7 28. Qg2 Qxg2+ 29. Kxg2 a5 30. Nd3 e4 31. Nf4 d3 32. Bxf6 Bxf6 33. Nd5 Bd4 34. Rfe1 Kg7 35. Nf4 Bc3 36. Re3 h6 37. Nd5 Bd4 38. Ree1 f5 39. Kf1 g5 40. hxg5 hxg5 41. Kg2 Kg6 42. Rh1 Rh8 43. Ne7+ Kf6 44. Nd5+ Ke5 45. Rxh8 Rxh8 46. Rd2 f4 47. gxf4+ gxf4 48. Rd1 Rg8+ 49. Kf1 f3 50. a3 Rh8 51. Kg1 Rc8 52. Kf1 b5 53. Rc1 Bb2 54. Rb1 Bxa3 55. Ra1 Bb4 56. Nxb4 axb4 57. cxb5 Kd4 58. Ke1 Rb8 59. Ra5 Kc3 60. b6 Rxb6 61. Kd1 Kxb3 62. Re5 Kc3 63. Rxe4 Ra6 64. Rxb4 Ra1+ 65. Rb1 Rxb1# 0-1